 Dungeon Crawl Stone Soup version 0.21-a0-498-g1b60429 (webtiles) character file.

7119 mortelune the Basher (level 11, -15/71 HPs)
             Began as a Gargoyle Fighter on Nov 24, 2017.
             Was a Priest of Qazlal.
             Demolished by a freezing wraith (22 damage)
             ... led by a death knight
             ... on level 7 of the Dungeon.
             The game lasted 00:32:43 (9103 turns).

mortelune the Basher (Gargoyle Fighter)             Turns: 9103, Time: 00:32:43

Health: -15/71     AC: 24    Str: 23    XL:     11   Next: 10%
Magic:  16/16      EV:  4    Int:  9    God:    Qazlal [***...]
Gold:   241        SH: 14    Dex: 13    Spells: 16/16 levels left

rFire    + . .     SeeInvis .   N - +3 flail
rCold    . . .     Gourm    .   c - +0 shield
rNeg     + . .     Faith    .   D - +0 plate armour
rPois    ∞         Spirit   .   (no helmet)
rElec    +         Reflect  .   F - scarf {cloud immunity}
rCorr    .         Harm     .   q - +0 pair of gloves
MR       .....                  L - +0 pair of boots
Stlth    ..........             (no amulet)
HPRegen  0.21/turn              u - ring of protection from fire
MPRegen  0.15/turn              j - +4 ring of dexterity

@: no status effects
A: negative energy resistance 1, electricity resistance, unbreathing,
petrification resistance, rot immunity, AC +8
a: Upheaval, Elemental Force, Renounce Religion


You were on level 7 of the Dungeon.
You worshipped Qazlal.
Qazlal was most pleased with you.
You were not hungry.

You visited 2 branches of the dungeon, and saw 9 of its levels.

You collected 384 gold pieces.
You spent 143 gold pieces at shops.

Inventory:

Hand Weapons
 m - a +0 war axe
 I - a +2 battleaxe of electrocution
 N - a +3 flail (weapon)
 O - a +0 hunting sling
 Q - a +2 hunting sling of velocity
Missiles
 o - 120 sling bullets
 p - 153 stones (quivered)
 T - a throwing net
Armour
 c - a +0 shield (worn)
 q - a +0 pair of gloves (worn)
 w - a +0 cloak
 D - a +0 plate armour (worn)
 F - a scarf of cloud immunity (worn)
 L - a +0 pair of boots (worn)
Jewellery
 d - a +5 ring of intelligence
 j - a +4 ring of dexterity (right hand)
 u - a ring of protection from fire (left hand)
 z - a -2 ring of intelligence
 A - an uncursed ring of positive energy
Wands
 a - a wand of acid (9)
 v - a wand of paralysis (4)
Scrolls
 b - a scroll of magic mapping {unknown}
 e - 2 scrolls of noise {unknown}
 i - 2 scrolls of enchant armour {unknown}
 n - a scroll of fear {unknown}
 r - 2 scrolls of amnesia
 t - 4 scrolls of remove curse
 x - 3 scrolls of immolation {unknown}
 y - a scroll of random uselessness {unknown}
 H - a scroll of teleportation
 K - 2 scrolls of vulnerability {unknown}
 R - a scroll of enchant weapon {unknown}
 V - a scroll of blinking {unknown}
 Y - a scroll of summoning {unknown}
Potions
 h - 4 potions of curing
 k - a potion of degeneration
 s - 2 potions of invisibility
 B - 4 potions of flight
 C - a potion of agility
 G - 3 potions of cancellation
 M - 2 potions of brilliance
 P - 3 potions of lignification
Books
 E - a book of Conjurations

   Spells                             Type                      Level
   a - Magic Dart                     Conjuration                  1
   b - Searing Ray                    Conjuration                  2
   c - Dazzling Spray                 Conjuration/Hexes            3
   d - Fulminant Prism                Conjuration/Hexes            4
   e - Force Lance                    Conjuration/Translocation    4
   f - Iskenderun's Mystic Blast      Conjuration                  4
 J - a book of Maledictions

   Spells                             Type                      Level
   a - Corona                         Hexes                        1
   b - Ensorcelled Hibernation        Hexes/Ice                    2
   c - Confuse                        Hexes                        3
   d - Tukima's Dance                 Hexes                        3
   e - Dazzling Spray                 Conjuration/Hexes            3
 U - a book of Misfortune

   Spells                             Type                      Level
   a - Confusing Touch                Hexes                        1
   b - Confuse                        Hexes                        3
   c - Gell's Gravitas                Translocation                3
   d - Petrify                        Transmutation/Earth          4
   e - Metabolic Englaciation         Hexes/Ice                    5
   f - Yara's Violent Unravelling     Hexes/Transmutation          5
Comestibles
 f - 6 bread rations
 g - 5 fruits
 l - 2 royal jellies
 S - 3 meat rations
 W - 3 chunks of flesh


   Skills:
 + Level 9.3 Fighting
 * Level 10.8 Maces & Flails
 + Level 8.0 Armour
 - Level 3.2 Shields
 - Level 3.0 Spellcasting
 + Level 7.5 Invocations


You had 16 spell levels left.
You didn't know any spells.

Dungeon Overview and Level Annotations

Branches:
Dungeon (8/15)             Temple (1/1) D:4
   Lair: D:8-11

Altars:
Ashenzari
Elyvilon
Fedhas
Hepliaklqana
Makhleb
Nemelex Xobeh
Okawaru
Qazlal
Sif Muna
Vehumet
Xom
Yredelemnul
Zin

Shops:
D:4 !

Annotations:
D:4 1 runed door


Innate Abilities, Weirdness & Mutations

You are resistant to torment.
Your stone body is resilient. (AC +8)
You are immune to poison.
You resist negative energy. (rN+)
You are resistant to electric shocks. (rElec)
You can survive without breathing.
You are immune to petrification.
You are immune to rotting.


Message History

The freezing wraith hits you. The freezing wraith freezes you!!
* * * LOW HITPOINT WARNING * * *
The freezing wraith hits you but does no damage. x3
You feel better. You block the freezing wraith's attack.
The freezing wraith hits you but does no damage.
You closely miss the freezing wraith.
The freezing wraith is heavily damaged.
The freezing wraith closely misses you. You block the freezing wraith's attack.
The freezing wraith hits you but does no damage.
You block the freezing wraith's attack.
You hit the freezing wraith.
The freezing wraith is severely damaged.
The freezing wraith hits you but does no damage. x2
You barely miss the freezing wraith.
The freezing wraith is severely damaged.
You feel yourself speed up. The freezing wraith hits you!
* * * LOW HITPOINT WARNING * * *
The freezing wraith freezes you!!
You die...

...............##.##.............
....#.##.#.##.##..#..............
....###.#...###..................
.................................
.##...###..###...................
.#..### ##..##...................
...## ##.......................
..## ##.......§§...............
..### #.......÷@................
.#.[####.^.....W[................
####..#...........<..............
# ##......................<.....
# #............................ #
#......#..................... ##
##....###.....................
.###.....###.....................
.........##......................


You could see a freezing wraith.

Vanquished Creatures
  Erica (D:8)
  A death knight (D:7)
  Joseph (D:7)
  Psyche (D:8)
  A freezing wraith (D:7)
  Grinder (D:6)
  A hippogriff (D:6)
  A wraith (D:7)
  A spriggan (D:7)
  Menkaure (D:5)
  A water moccasin (D:6)
  An orc warrior (D:7)
  3 sky beasts (D:6)
  An eye of draining (D:6)
  4 ice beasts
  5 ogres
  A phantom (D:6)
  2 centaurs
  2 big kobolds
  4 bullfrogs
  Blork the orc (D:4)
  A water moccasin zombie (D:6)
  2 scorpions (D:6)
  7 killer bees
  7 wights
  2 howler monkeys
  6 crimson imps
  A bullfrog zombie (D:6)
  An orc priest (D:5)
  4 hounds (D:6)
  A bullfrog skeleton (D:6)
  A gnoll shaman (D:7)
  5 iguanas
  7 orc wizards
  Terence (D:2)
  7 worker ants
  A hound zombie (D:6)
  11 gnolls
  10 adders
  A shadow imp (D:4)
  An adder zombie (D:5)
  An adder skeleton (D:4)
  3 worms
  2 dart slugs
  5 leopard geckos
  26 orcs
  3 ball pythons
  9 bats
  5 giant cockroaches
  9 hobgoblins
  9 jackals
  12 kobolds
  6 quokkas
  13 frilled lizards
  6 goblins
  A jackal skeleton (D:6)
  A quokka skeleton (D:7)
  A quokka zombie (D:5)
  9 rats
233 creatures vanquished.

Notes
Turn   | Place    | Note
-------+----------+-------------------------------------------
     0 | D:1      | mortelune the Gargoyle Fighter began the quest for the Orb.
     0 | D:1      | Reached XP level 1. HP: 14/14 MP: 1/1
   160 | D:1      | Reached XP level 2. HP: 9/19 MP: 2/2
  1358 | D:2      | Reached XP level 3. HP: 24/24 MP: 3/3
  1362 | D:2      | Noticed Terence
  1373 | D:2      | Killed Terence
  1373 | D:2      | Reached skill level 3 in Maces & Flails
  1543 | D:2      | Reached XP level 4. HP: 30/30 MP: 4/4
  1589 | D:2      | Found a shattered altar of Ashenzari.
  2202 | D:2      | Found a deep blue altar of Sif Muna.
  2325 | D:3      | Reached XP level 5. HP: 29/34 MP: 5/5
  2483 | D:3      | Reached skill level 5 in Fighting
  2486 | D:3      | Reached skill level 4 in Maces & Flails
  3266 | D:4      | Found a staircase to the Ecumenical Temple.
  3270 | Temple   | Entered the Ecumenical Temple
  3287 | Temple   | Became a worshipper of Qazlal Stormbringer
  3459 | D:4      | Found a shimmering altar of Xom.
  3465 | D:4      | Noticed an ogre
  3472 | D:4      | Killed an ogre
  3472 | D:4      | Reached skill level 1 in Invocations
  3472 | D:4      | Reached XP level 6. HP: 25/40 MP: 5/7
  3534 | D:4      | Reached skill level 1 in Spellcasting
  3796 | D:4      | Found a runed door.
  3861 | D:4      | Reached skill level 5 in Maces & Flails
  3908 | D:4      | Reached XP level 7. HP: 41/45 MP: 7/9
  3994 | D:4      | Noticed Blork the orc
  4000 | D:4      | Killed Blork the orc
  4149 | D:4      | Found Muepur's Distillery.
  4155 | D:4      | Bought a potion of cancellation for 88 gold pieces
  4155 | D:4      | Bought a potion of heal wounds for 55 gold pieces
  4308 | D:5      | Entered Level 5 of the Dungeon
  4635 | D:5      | Found a glowing silver altar of Zin.
  4699 | D:5      | Reached * piety under Qazlal
  5303 | D:5      | Reached skill level 6 in Maces & Flails
  5303 | D:5      | Reached XP level 8. HP: 46/51 MP: 11/11
  5366 | D:5      | Noticed Menkaure
  5376 | D:5      | Killed Menkaure
  5928 | D:6      | Found a stormy altar of Qazlal.
  6048 | D:6      | Noticed Grinder
  6066 | D:6      | Killed Grinder
  6066 | D:6      | Reached skill level 7 in Maces & Flails
  6107 | D:6      | Reached skill level 5 in Armour
  6107 | D:6      | Reached XP level 9. HP: 52/56 MP: 13/13
  6173 | D:6      | Reached ** piety under Qazlal
  6234 | D:6      | Reached skill level 8 in Maces & Flails
  6242 | D:6      | Reached skill level 5 in Invocations
  6559 | D:6      | Found an iron altar of Okawaru.
  6669 | D:6      | Found a radiant altar of Vehumet.
  6746 | D:7      | Found a blossoming altar of Fedhas.
  6827 | D:6      | Reached skill level 9 in Maces & Flails
  6828 | D:6      | Reached XP level 10. HP: 52/64 MP: 14/14
  7049 | D:7      | Reached *** piety under Qazlal
  7215 | D:7      | Noticed Joseph
  7245 | D:7      | Killed Joseph
  7249 | D:7      | Paralysed by a gnoll for 4 turns
  7634 | D:7      | Found a hazy altar of Hepliaklqana.
  8418 | D:8      | Noticed Erica
  8440 | D:8      | Killed Erica
  8440 | D:8      | Reached skill level 10 in Maces & Flails
  8471 | D:8      | Noticed Psyche
  8500 | D:8      | Paralysed by Psyche for 2 turns
  8505 | D:8      | Killed Psyche
  8509 | D:8      | Noticed a death knight
  8809 | D:7      | Killed a death knight
  8809 | D:7      | Reached XP level 11. HP: 24/71 MP: 16/16
  9099 | D:7      | HP: 3/71 [freezing wraith[a death knight] (22)]
  9103 | D:7      | Demolished by a freezing wraith

Vault maps used:
D:1:      kilobyte_arrival_exit_the_forest, nrook_uturn
D:2:      evilmike_ruin_ashenzari, lemuel_blue_sif_altar, minmay_misc_feat_room,
          minmay_close_crescents, uniq_terence
D:3:      kennysheep_minor_cross
D:4:      minmay_temple_entry_glassed_door, first_bread, serial_shops, shop,
          led_xom_imps, uniq_blork_the_orc, uniq_crazy_yiuf_cottage
D:5:      zin_scriptorium, uniq_menkaure
D:6:      cheibrodos_fzero, marbit_many_paths, old_standard_altar, basic_altar,
          uniq_grinder
D:7:      fedhas_altar_3, the_bakery, minmay_ruined_shrine, uniq_joseph
D:8:      uniq_psyche, uniq_erica, uniq_grum
Temple:   regret_index_temple_sphere_string

Skill      XL: |  1  2  3  4  5  6  7  8  9 10 11 |
---------------+----------------------------------+-----
Fighting       | 4 5 6 8 9 |  9.3
Maces & Flails | 3 4 5 6 7 9 10 | 10.8
Invocations    | 1 2 4 5 7 |  7.5
Spellcasting   | 1 2 3 |  3.0
Armour         | 5 6 7 8 |  8.0
Shields        | |  3.2

Action                   |  1- 3 |  4- 6 |  7- 9 | 10-12 || total
-------------------------+-------+-------+-------+-------++-------
Melee: Flail             |   149 |   273 |   392 |   244 ||  1058
 Fire: Hunting sling     |       |       |       |     3 ||     3
  Use: Scroll            |     1 |     6 |     4 |     4 ||    15
       Potion            |       |       |     3 |     4 ||     7
  Eat: Chunk             |     2 |     8 |     5 |     8 ||    23
       Meat ration       |       |       |     1 |       ||     1
Armor: Scale mail        |    84 |   171 |   106 |       ||   361
       Plate armour      |       |       |   210 |   230 ||   440
Dodge: Dodged            |    37 |    90 |   109 |    48 ||   284
Block: Shield            |    85 |   160 |   286 |   194 ||   725

Table legend:
 A = Spawn XP
 B = Non-spawn XP
 C = Spawn XP percentage of total XP
 D = Spawn monster count
 E = Non-spawn monster count
 F = Spawn count percentage of total count
 G = Total turns spent on level
                    A         B        C        D         E        F      G
               +---------+---------+-------+---------+---------+-------+---------
         Total |       0 |   10171 |   0.0 |       0 |     233 |   0.0 |  9103
               +---------+---------+-------+---------+---------+-------+---------
           D:1 |       0 |      33 |   0.0 |       0 |      21 |   0.0 |  1356
           D:2 |       0 |     128 |   0.0 |       0 |      34 |   0.0 |   935
           D:3 |       0 |      63 |   0.0 |       0 |      22 |   0.0 |   755
           D:4 |       0 |     547 |   0.0 |       0 |      19 |   0.0 |  1344
           D:5 |       0 |     766 |   0.0 |       0 |      28 |   0.0 |  1385
           D:6 |       0 |    3268 |   0.0 |       0 |      57 |   0.0 |  1105
           D:7 |       0 |    3531 |   0.0 |       0 |      38 |   0.0 |  1871
           D:8 |       0 |    1835 |   0.0 |       0 |      14 |   0.0 |   313
               +---------+---------+-------+---------+---------+-------+---------
